 Dungeon Crawl Stone Soup version 0.18.1-48-g4cf74bf (webtiles) character file.

9844 WarriorsX the Fighter (level 11, -17/90 HPs)
             Began as a Human Fighter on July 27, 2016.
             Killed from afar by Harold (49 damage)
             ... with a bolt of fire
             ... on level 11 of the Dungeon on July 28, 2016.
             The game lasted 01:07:00 (11707 turns).

WarriorsX the Fighter (Human Fighter)              Turns: 11707, Time: 01:07:02

Health: -17/90     AC: 25    Str: 24    XL:     11   Next: 81%
Magic:  11/11      EV:  5    Int:  6    God:
Gold:   351        SH: 10    Dex: 14    Spells: 0 memorised, 10 levels left

rFire  x . .     SeeInvis .     P - +2 scimitar (flame)
rCold  + . .     Gourm    .     p - +1 plate armour
rNeg   . . .     Faith    .     c - +0 shield
rPois  .         Spirit   .     S - +1 helmet "Qody" {Dex+2}
rElec  .         Dismiss  .     x - +0 cloak
rCorr  .         Reflect  .     w - +0 pair of gloves
SustAt .         Harm     .     v - +0 pair of boots
MR     .....                    (no amulet)
Stlth  ..........               I - ring of ice
                                e - +5 ring of strength

@: not resistant to hostile enchantments, extremely unstealthy
A: thin metallic scales 1, yellow scales 1, clumsy 1, dopey 1
a: no special abilities


You were on level 11 of the Dungeon.
You were not hungry.

You visited 2 branches of the dungeon, and saw 12 of its levels.

You collected 601 gold pieces.
You spent 250 gold pieces at shops.

Inventory:

Hand Weapons
 a - a +0 long sword
 r - a +0 dagger of electrocution
 y - a +3 short sword
 z - a +1 flail of holy wrath
 A - a +1 shortbow of freezing
 P - a +2 scimitar of flaming (weapon)
 R - a +1 mace of distortion
Missiles
 B - 252 arrows
Armour
 c - a +0 shield (worn)
 p - a +1 plate armour (worn)
 u - a +1 chain mail of cold resistance
 v - a +0 pair of boots (worn)
 w - a +0 pair of gloves (worn)
 x - a +0 cloak (worn)
 S - the +1 helmet "Qody" (worn) {Dex+2}
   (You found it on level 10 of the Dungeon)

   It affects your dexterity (+2).
Jewellery
 e - a +5 ring of strength (left hand)
 F - an uncursed ring of flight
 I - a ring of ice (right hand)
 O - an uncursed ring of teleportation
 Q - an uncursed ring of see invisible {unknown}
Wands
 b - a wand of disintegration (0/24)
 M - a wand of heal wounds (3/9)
 N - a wand of iceblast (8/15)
Scrolls
 h - a scroll of noise
 i - 2 scrolls of teleportation
 l - 5 scrolls of identify
 q - a scroll of enchant weapon {unknown}
 t - 3 scrolls of remove curse
 C - a scroll of immolation {unknown}
 E - 3 scrolls of amnesia
 G - 2 scrolls of fog {unknown}
Potions
 d - a potion of might
 g - 3 potions of berserk rage
 j - a potion of lignification {unknown}
 s - a potion of cure mutation
 J - a potion of haste
 K - a potion of heal wounds
 L - a potion of magic
Books
 k - a book of the Warp

   Spells                             Type                      Level
   a - Recall                         Summoning/Translocation      3
   b - Gell's Gravitas                Hexes/Translocation          3
   c - Force Lance                    Conjuration/Translocation    4
   d - Warp Weapon                    Charms/Translocation         5
   e - Summon Forest                  Summoning/Translocation      5
 D - a Fen Folio

   Spells                             Type                      Level
   a - Corpse Rot                     Necromancy                   2
   b - Stone Arrow                    Conjuration/Earth            3
   c - Leda's Liquefaction            Hexes/Earth                  4
   d - Summon Forest                  Summoning/Translocation      5
   e - Hydra Form                     Transmutation                6
   f - Summon Hydra                   Summoning                    7
Comestibles
 f - 5 bread rations
 m - 2 beef jerkies
 n - 2 slices of pizza
 o - 3 meat rations
 H - a fruit
 T - 2 chunks of flesh


   Skills:
 + Level 9.6 Fighting
 - Level 8.0(9.0) Short Blades
 - Level 6.2(8.1) Long Blades
 - Level 7.0 Maces & Flails
 + Level 9.2 Armour
 - Level 0.2 Stealth
 - Level 4.2 Shields
 - Level 0.3 Spellcasting
 - Level 0.4 Evocations


You had 10 spell levels left.
You didn't know any spells.

Dungeon Overview and Level Annotations

Branches:
Dungeon (11/15)            Temple (1/1) D:4            Lair (0/8) D:9
    Orc: D:9-12

Altars:
Ashenzari
Cheibriados
Dithmenos
Elyvilon
Fedhas
Gozag
Kikubaaqudgha
Makhleb
Nemelex Xobeh
Okawaru
Pakellas
Qazlal
Ru
Sif Muna
Trog
Vehumet
Xom
Yredelemnul
Zin
The Shining One

Shops:
D:4 !   D:7 !

Portals:
Trove: D:10 (give +4 fire dragon armour)

Annotations:
D:6 Ferkelamun's ghost, novice MfSk
D:9 exclusion: orange crystal statue
D:11 Harold; Josephine


Innate Abilities, Weirdness & Mutations

You are partially covered in thin metallic scales (AC +2).
You are partially covered in yellow scales (AC +2).
You are clumsy. (Dex -2)
You are dopey. (Int -2)


Message History

You hit Harold but do no damage.
Harold is severely wounded.
Harold barely misses you.
You hit Harold.
Harold is almost dead.
Harold hits you but does no damage.
You hit Harold.
Harold is almost dead.
Harold casts a spell at you. The bolt of fire hits you!
The fire burns you terribly!
You hit Harold.
Harold is almost dead.
Harold completely misses you.
You hit Harold.
Harold is almost dead.
Harold asks, "Do you mind if I name my boat the 'WarriorsX'?
Your head will be paying for it, after all."
Harold points at you and mumbles some strange words.
The bolt of fire hits you! The fire burns you terribly!
Ouch! That really hurt!
You die...

... .. ###..... #....#
..# ... ...##....##..#
... .hh........... #.#
.............. #. #@#
.............. #.####@#
.............. #.....(#
..............
#......#########'####
####................###
#....###.........#..
#....# #.........#..
#....# #.........#..
#....# #.........#..
#....# #.........#..


You could see Harold.

Vanquished Creatures
  Erica (D:10)
  Pikel (D:7)
  2 manticores
  2 ugly things (D:11)
  A cyclops (D:10)
  Maurice (D:11)
  A troll (D:9)
  A wyvern (D:8)
  2 ice beasts
  2 hungry ghosts
  Menkaure (D:7)
  3 wargs
  A water moccasin (D:11)
  5 sky beasts
  A slave (D:7)
  2 orc warriors
  A phantom (D:8)
  6 ogres
  8 centaurs
  3 big kobolds
  5 giant frogs
  3 scorpions
  11 killer bees
  5 howler monkeys
  3 crimson imps
  A centaur zombie (D:8)
  2 giant frog zombies
  9 hounds
  A quasit (D:9)
  3 jellies
  12 orc wizards
  Crazy Yiuf (D:3)
  2 centaur skeletons
  3 orc priests
  Terence (D:3)
  An iguana (D:5)
  9 worker ants
  A worker ant zombie (D:6)
  4 gnolls (D:4)
  10 adders
  An adder zombie (D:8)
  An adder skeleton (D:7)
  2 worms (D:2)
  3 dart slugs
  8 giant geckos
  31 orcs
  11 bats
  8 giant cockroaches
  4 goblins
  10 hobgoblins
  4 jackals (D:5)
  3 quokkas
  2 ball pythons
  5 giant newts
  22 kobolds
  5 rats
252 creatures vanquished.

Vanquished Creatures (others)
  2 slaves (D:7)
  A worker ant (D:7)
3 creatures vanquished.

Grand Total: 255 creatures vanquished

Notes
Turn   | Place    | Note
--------------------------------------------------------------
     0 | D:1      | WarriorsX the Human Fighter began the quest for the Orb.
     0 | D:1      | Reached XP level 1. HP: 18/18 MP: 1/1
   127 | D:1      | Reached XP level 2. HP: 24/24 MP: 2/2
   531 | D:1      | Reached XP level 3. HP: 29/29 MP: 3/3
   889 | D:2      | Reached XP level 4. HP: 17/35 MP: 4/4
  1176 | D:2      | Found a faded altar to an unknown god.
  1347 | D:3      | Reached skill level 5 in Armour
  1350 | D:3      | Reached XP level 5. HP: 38/41 MP: 5/5
  1436 | D:3      | Noticed Terence
  1465 | D:3      | Killed Terence
  1968 | D:3      | Reached skill level 1 in Short Blades
  1968 | D:3      | Reached XP level 6. HP: 47/47 MP: 6/6
  2406 | D:3      | Found a sparkling altar of Nemelex Xobeh.
  2531 | D:3      | Noticed Crazy Yiuf
  2557 | D:3      | Killed Crazy Yiuf
  2674 | D:4      | Noticed an ogre
  2684 | D:4      | Killed an ogre
  2741 | D:4      | Found an ancient bone altar of Kikubaaqudgha.
  2765 | D:4      | Found a staircase to the Ecumenical Temple.
  2772 | Temple   | Entered the Ecumenical Temple
  2926 | D:4      | Reached XP level 7. HP: 52/52 MP: 7/7
  3107 | D:4      | Found Orghitooh's Distillery.
  3793 | D:5      | Entered Level 5 of the Dungeon
  4049 | D:4      | Bought a potion of cure mutation for 250 gold pieces
  4173 | D:5      | Reached skill level 5 in Fighting
  4173 | D:5      | Reached XP level 8. HP: 18/62 MP: 8/8
  4179 | D:5      | Gained mutation: You are partially covered in yellow scales (AC +2). [mutagenic meat]
  4180 | D:5      | Gained mutation: You have a pair of small horns on your head. [mutagenic meat]
  4181 | D:5      | Gained mutation: You are frail (-10% HP). [mutagenic meat]
  4182 | D:5      | Gained mutation: You are clumsy. (Dex -2) [mutagenic meat]
  4573 | D:5      | Found an oddly glowing altar of Pakellas.
  5289 | D:5      | Found a basalt altar of Yredelemnul.
  5417 | D:6      | Noticed Ferkelamun's ghost (novice MfSk)
  5742 | D:7      | Reached XP level 9. HP: 64/64 MP: 9/9
  5854 | D:7      | Found Wyifok's Distillery.
  5925 | D:7      | Reached skill level 5 in Short Blades
  6082 | D:7      | Noticed Menkaure
  6082 | D:7      | Noticed Pikel
  6160 | D:7      | Killed Pikel
  6160 | D:7      | Reached skill level 5 in Long Blades
  6358 | D:7      | Killed Menkaure
  6929 | D:6      | Found a sparkling altar of Nemelex Xobeh.
  7170 | D:8      | Reached XP level 10. HP: 71/72 MP: 10/10
  7444 | D:8      | Found a basalt altar of Yredelemnul.
  7740 | D:8      | Found a bloodstained altar of Trog.
  7740 | D:8      | Found a shadowy altar of Dithmenos.
  7741 | D:8      | Found a shattered altar of Ashenzari.
  7797 | D:8      | Found a glowing silver altar of Zin.
  8134 | D:8      | Reached skill level 1 in Maces & Flails
  8253 | D:9      | Noticed an orange crystal statue
  9063 | D:9      | Reached skill level 5 in Maces & Flails
  9109 | D:9      | Noticed a manticore
  9125 | D:9      | Killed a manticore
  9125 | D:9      | Reached XP level 11. HP: 44/77 MP: 11/11
  9528 | D:9      | Found a staircase to the Lair.
  9605 | D:10     | Entered Level 10 of the Dungeon
  9738 | D:10     | Found a portal to a secret trove of treasure.
  9778 | D:10     | Noticed a cyclops
  9912 | D:10     | Noticed Erica
  9932 | D:10     | Killed Erica
 10357 | D:11     | Noticed Maurice
 10367 | D:11     | Noticed Josephine
 10663 | D:10     | Killed a cyclops
 10797 | D:10     | Got a warped helmet
 11008 | D:10     | Paralysed by fainting for 9 turns
 11256 | D:11     | Noticed a manticore
 11270 | D:11     | Killed a manticore
 11499 | D:11     | Noticed a purple ugly thing
 11518 | D:11     | Killed a purple ugly thing
 11519 | D:11     | Noticed a brown ugly thing
 11529 | D:11     | Killed a brown ugly thing
 11550 | D:11     | Gained mutation: Your spells are a little harder to cast, but a little more powerful. [mutagenic meat]
 11552 | D:11     | Gained mutation: Armour fits poorly on your strangely shaped body. [mutagenic meat]
 11553 | D:11     | Gained mutation: You are partially covered in thin metallic scales (AC +2). [mutagenic meat]
 11554 | D:11     | Lost mutation: Armour fits poorly on your strangely shaped body. [mutagenic meat]
 11555 | D:11     | Gained mutation: Scrolls take you a little longer to read. [mutagenic meat]
 11556 | D:11     | Gained mutation: You are dopey. (Int -2) [mutagenic meat]
 11557 | D:11     | Gained mutation: Your body sometimes deteriorates upon taking damage. [mutagenic meat]
 11558 | D:11     | Lost mutation: Scrolls take you a little longer to read. [potion of cure mutation]
 11558 | D:11     | Lost mutation: You have a pair of small horns on your head. [potion of cure mutation]
 11558 | D:11     | Lost mutation: You are frail (-10% HP). [potion of cure mutation]
 11558 | D:11     | Lost mutation: Your spells are a little harder to cast, but a little more powerful. [potion of cure mutation]
 11558 | D:11     | Lost mutation: Your body sometimes deteriorates upon taking damage. [potion of cure mutation]
 11578 | D:11     | Identified the +1 helmet "Qody" {Dex+2} (You found it on level 10 of the Dungeon)
 11602 | D:11     | Found a shadowy altar of Dithmenos.
 11653 | D:11     | Killed Maurice
 11687 | D:11     | Noticed Harold
 11707 | D:11     | Killed from afar by Harold

Skill      XL: |  1  2  3  4  5  6  7  8  9 10 11 |
---------------+----------------------------------+-----
Armour         | 4 5 6 7 9 |  9.2
Shields        | 4 |  4.2
Short Blades   | 1 3 4 6 8 |  8.0
Fighting       | 5 7 8 9 |  9.6
Long Blades    | 6 |  6.2
Maces & Flails | 6 7 |  7.0
Stealth        | |  0.2
Spellcasting   | |  0.3
Evocations     | |  0.4

Action                   |  1- 3 |  4- 6 |  7- 9 | 10-12 || total
-------------------------+-------+-------+-------+-------++-------
Melee: Long sword        |    91 |    19 |       |       ||   110
       Dagger            |       |   179 |   365 |   373 ||   917
       Headbutt          |       |       |    55 |   118 ||   173
       Scimitar          |       |       |       |   162 ||   162
 Fire: Shortbow          |       |       |       |     5 ||     5
Evoke: Wand              |       |       |       |     5 ||     5
  Use: Potion            |       |     3 |     3 |     6 ||    12
       Scroll            |       |       |     4 |    12 ||    16
  Eat: Chunk             |       |     7 |    19 |    27 ||    53
       Fruit             |       |       |       |     2 ||     2
Armor: Scale mail        |    58 |    12 |       |       ||    70
       Plate armour      |       |    85 |   172 |   273 ||   530
Dodge: Dodged            |    41 |    40 |    44 |    86 ||   211
Block: Shield            |       |    73 |   127 |   200 ||   400
